[Event "Titled Tuesday Blitz November 01 Late 2022"]
[White "Roque Sola, Jose Luis"]
[Black "Heinemann, Josefine"]
[WhiteFideId "5120390"]
[BlackFideId "12900460"]
[WhiteElo "2117"]
[BlackElo "2300"]
[Result "1-0"]
[Round "02"]
[TimeControl "180+1"]
[Date "2022.11.02"]
[WhiteClock "0:00:14"]
[BlackClock "0:00:14"]

1. c4 e5 2. Nc3 Nf6 3. Nf3 e4 4. Ng5 d5 5. cxd5 Bf5 6. Ngxe4 Nxe4 7. Nxe4 Qxd5 8. Nc3 Qe6 9. d3 Nc6 10. g3 Bb4 11. Bg2 O-O 12. O-O Rad8 13. Bd2 Nd4 14. Be3 Bxc3 15. bxc3 Nxe2+ 16. Qxe2 Bxd3 17. Qf3 Bxf1 18. Rxf1 b6 19. a4 Qb3 20. Qc6 Rd3 21. Qxc7 Qxa4 22. c4 Rd7 23. Qf4 Qb4 24. Qg4 Rd6 25. Be4 a5 26. Qh4 h6 27. Qg4 a4 28. Bd5 a3 29. Bd4 Rg6 30. Qxg6 1-0


[Site "https://www.chess.com"]

[Event "Titled Tuesday Blitz November 01 Late 2022"]
[White "Rorrer, Grayson"]
[Black "Dzierzak, Radoslaw"]
[WhiteFideId "30944996"]
[BlackFideId "1161407"]
[WhiteElo "2130"]
[BlackElo "2111"]
[Result "1-0"]
[Round "02"]
[TimeControl "180+1"]
[Date "2022.11.02"]
[WhiteClock "0:00:40"]
[BlackClock "0:00:12"]

1. e4 c6 2. d4 d5 3. exd5 cxd5 4. Bd3 Nc6 5. c3 Nf6 6. h3 g6 7. Nf3 Bf5 8. Ne5 Bxd3 9. Nxd3 Bg7 10. O-O O-O 11. Bf4 Ne4 12. Nd2 Nd6 13. Re1 e6 14. Nf1 a5 15. Ne3 h5 16. g3 a4 17. Kg2 a3 18. b3 b5 19. g4 h4 20. f3 b4 21. Nxb4 Nxb4 22. cxb4 Nb5 23. Nc2 Rc8 24. Rc1 Qb6 25. Be3 Nc3 26. Qd2 Nxa2 27. Ra1 Nc3 28. Rxa3 Nb5 29. Ra5 Rc6 30. Qd3 Rb8 31. Bf4 Rb7 32. Ra8+ Kh7 33. Qd2 Nxd4 34. Ne3 Qxb4 35. Qf2 Qxb3 36. Qxh4+ 1-0


[Site "https://www.chess.com"]

[Event "Titled Tuesday Blitz November 01 Late 2022"]
[White "Rose, Felix"]
[Black "Krishnan, Varun"]
[WhiteFideId "5105722"]
[BlackFideId "5054508"]
[WhiteElo "2039"]
[BlackElo "2490"]
[Result "0-1"]
[Round "02"]
[TimeControl "180+1"]
[Date "2022.11.02"]
[WhiteClock "0:00:33"]
[BlackClock "0:02:00"]

1. e4 g6 2. d4 Bg7 3. Nf3 d6 4. Nc3 a6 5. Be2 b5 6. a4 b4 7. Nd5 a5 8. c3 e6 9. Ne3 Bb7 10. d5 Nf6 11. Bb5+ c6 12. dxc6 Bxc6 13. e5 Ne4 14. Nc4 d5 15. Qe2 bxc3 16. O-O O-O 17. Bxc6 Nxc6 18. Rd1 Qc7 19. Bf4 cxb2 20. Rab1 Nc3 0-1


[Site "https://www.chess.com"]

[Event "Titled Tuesday Blitz November 01 Late 2022"]
[White "Rustemov, Alexander"]
[Black "Thomforde-Toates, Noah"]
[WhiteFideId "4119002"]
[BlackFideId "30951992"]
[WhiteElo "2920"]
[BlackElo "2627"]
[Result "1-0"]
[Round "02"]
[TimeControl "180+1"]
[Date "2022.11.01"]
[WhiteClock "0:00:10"]
[BlackClock "0:00:12"]

1. d4 Nf6 2. c4 g6 3. Nf3 Bg7 4. g3 O-O 5. Bg2 d6 6. Nc3 Nc6 7. O-O e5 8. h3 exd4 9. Nxd4 Bd7 10. Be3 Re8 11. Qd2 Qc8 12. Kh2 h5 13. Nf3 Bf5 14. Rac1 Ne4 15. Nxe4 Bxe4 16. Rfd1 b6 17. h4 Qb7 18. Ne1 Bxg2 19. Nxg2 Ne5 20. Kg1 Ng4 21. Bg5 Qc6 22. f3 Qc5+ 23. e3 Ne5 24. Kf2 a5 25. b3 a4 26. b4 Qc6 27. Qd5 Qd7 28. Bf4 Qh3 29. Rh1 Qf5 30. e4 Qd7 31. Rhd1 a3 32. Ne3 Qa4 33. Qd2 Qd7 34. Kg2 Qe6 35. Nd5 Rac8 36. Rc3 f5 37. Re1 fxe4 38. Rxe4 Qf5 39. Rce3 Kh7 40. Bxe5 Rxe5 41. Qe2 Rce8 42. Nxc7 Rf8 43. Nd5 Rxe4 44. Rxe4 Be5 45. b5 Bg7 46. Nf4 Be5 47. Nh3 Rc8 48. Ng5+ Kh6 49. f4 Bg7 50. Re8 Rc7 51. Qe4 Qxe4+ 52. Rxe4 d5 53. cxd5 Rc2+ 54. Kf3 Rxa2 55. Nf7+ Kh7 56. Ra4 Rd2 57. Rxa3 Rxd5 58. Rb3 Rc5 59. Ke4 Rc4+ 60. Kd5 Rc5+ 61. Ke6 Bf8 62. Ne5 Kg7 63. Nd7 Rc1 64. Nxf8 Kxf8 65. Kf6 Ke8 66. Kxg6 Ke7 67. Kxh5 Kf6 68. g4 Rc5+ 69. g5+ Kf5 70. g6 Kf6+ 71. Kh6 Rc7 72. h5 Rg7 73. Rc3 Rg8 74. Rc6+ Kf5 75. Kh7 Kxf4 76. Kxg8 1-0


[Site "https://www.chess.com"]

[Event "Titled Tuesday Blitz November 01 Late 2022"]
[White "Sabar, Ethmane Daouda"]
[Black "Estrada Nieto, Julian"]
[WhiteFideId "19600097"]
[BlackFideId "5101018"]
[WhiteElo "1950"]
[BlackElo "2252"]
[Result "0-1"]
[Round "02"]
[TimeControl "180+1"]
[Date "2022.11.02"]
[WhiteClock "0:00:07"]
[BlackClock "0:00:27"]

1. b3 d5 2. Bb2 Nf6 3. e3 Bg4 4. Nf3 Nbd7 5. Be2 e6 6. O-O Bd6 7. h3 Bh5 8. d3 O-O 9. Nbd2 a5 10. Nh2 Bxe2 11. Qxe2 a4 12. f4 Qe7 13. Ndf3 e5 14. fxe5 Nxe5 15. Nxe5 Bxe5 16. Bxe5 Qxe5 17. Nf3 Qd6 18. Qf2 Nd7 19. Nd4 g6 20. c3 c6 21. b4 Rae8 22. a3 Ne5 23. Qd2 b6 24. Rad1 Re7 25. Qc2 c5 26. Nb5 Qc6 27. c4 cxb4 28. axb4 dxc4 29. dxc4 Qxc4 30. Qxa4 Nd3 31. Nd6 Qd5 32. Qc2 Qxd6 33. Rxd3 Qxb4 34. Rb1 Qc5 35. Qxc5 bxc5 36. Rc1 Re5 37. Rdc3 Rfe8 38. Rxc5 Rxc5 39. Rxc5 Rxe3 40. Rc2 h5 41. Kf2 Ra3 42. Rb2 Kg7 43. Rc2 h4 44. Rb2 g5 45. Rc2 Kg6 46. Rb2 f6 47. Rc2 Rd3 48. Rb2 Kf5 49. Ra2 Ke4 50. Re2+ Kf4 51. Ra2 Rd4 52. Rb2 f5 53. Ra2 Re4 54. Ra3 g4 55. hxg4 fxg4 56. Ra2 Rb4 57. Rc2 g3+ 58. Ke2 Re4+ 59. Kd2 h3 60. gxh3 g2 61. Rc1 Kg3 62. h4 Rxh4 63. Ke2 Re4+ 64. Kd3 Re7 65. Rc8 g1=Q 66. Rg8+ Kf2 67. Rxg1 Kxg1 0-1


[Site "https://www.chess.com"]

[Event "Titled Tuesday Blitz November 01 Late 2022"]
[White "Sai Krishna G V"]
[Black "Rosenberg, Evan S"]
[WhiteFideId "5028280"]
[BlackFideId "2019299"]
[WhiteElo "2359"]
[BlackElo "2384"]
[Result "1-0"]
[Round "02"]
[TimeControl "180+1"]
[Date "2022.11.02"]
[WhiteClock "0:01:51"]
[BlackClock "0:00:46"]

1. Nf3 d5 2. g3 Nd7 3. Bg2 e5 4. d3 Ngf6 5. O-O Bd6 6. e4 dxe4 7. dxe4 Nxe4 8. Nxe5 Nxe5 9. Bxe4 O-O 10. Nc3 Bg4 11. f3 Bh3 12. Re1 Bc5+ 13. Be3 Bxe3+ 14. Rxe3 Qg5 15. f4 Qh6 16. Bxh7+ Kxh7 17. Rxe5 Qb6+ 18. Kh1 g6 19. Nd5 Qxb2 20. Rb1 Qxa2 21. Rh5+ gxh5 22. Qxh5+ Kg7 23. Qg5+ Kh7 24. Nf6+ Kh8 25. Qh6# 1-0


[Site "https://www.chess.com"]

[Event "Titled Tuesday Blitz November 01 Late 2022"]
[White "Sanal, Vahap"]
[Black "Averjanov, Alexey"]
[WhiteFideId "6300545"]
[BlackFideId "14109867"]
[WhiteElo "2574"]
[BlackElo "2662"]
[Result "1-0"]
[Round "02"]
[TimeControl "180+1"]
[Date "2022.11.01"]
[WhiteClock "0:00:23"]
[BlackClock "0:01:07"]

1. Nf3 d5 2. b3 Nf6 3. Bb2 e6 4. g3 Be7 5. Bg2 O-O 6. O-O b6 7. c4 Bb7 8. e3 Nbd7 9. Nc3 c5 10. d3 Rc8 11. Qe2 Qc7 12. Rad1 Rfd8 13. Ne1 a6 14. f4 Qb8 15. g4 d4 16. exd4 cxd4 17. Ne4 Nxe4 18. dxe4 e5 19. Nd3 f6 20. h4 Nc5 21. f5 Nxd3 22. Rxd3 b5 23. Rg3 bxc4 24. bxc4 Qc7 25. Rc1 Bc5 26. Kh2 Bc6 27. g5 Kh8 28. Rd1 Rb8 29. Bc1 Rb1 30. gxf6 gxf6 31. Bg5 fxg5 32. Rxb1 gxh4 33. Rh3 Qe7 34. Qh5 Rg8 35. Rxh4 Qg7 36. Bf3 d3 37. Rg4 Qf8 38. Rxg8+ Qxg8 39. Qh6 Be7 40. Qxc6 Qg5 41. Qe8+ Kg7 42. Rg1 1-0


[Site "https://www.chess.com"]

[Event "Titled Tuesday Blitz November 01 Late 2022"]
[White "Sarana, Alexey"]
[Black "Aggelis, Nikolaos"]
[WhiteFideId "24133795"]
[BlackFideId "4213220"]
[WhiteElo "2689"]
[BlackElo "2187"]
[Result "1-0"]
[Round "02"]
[TimeControl "180+1"]
[Date "2022.11.02"]
[WhiteClock "0:00:10"]
[BlackClock "0:00:13"]

1. c4 c5 2. Nf3 Nf6 3. Nc3 d5 4. cxd5 Nxd5 5. g3 g6 6. Bg2 Nxc3 7. bxc3 Bg7 8. h4 h6 9. d4 O-O 10. Be3 Nc6 11. Qd2 h5 12. d5 Ne5 13. Nxe5 Bxe5 14. Bxc5 Qa5 15. Bd4 Bxd4 16. cxd4 Qa6 17. O-O Bg4 18. e4 Rac8 19. e5 b6 20. Be4 Qe2 21. Qxe2 Bxe2 22. Rfc1 Bc4 23. a4 Rfd8 24. Rc3 a6 25. f4 b5 26. axb5 axb5 27. Ra7 Kf8 28. Kf2 Rb8 29. Ke3 Bxd5 30. Bxd5 Rxd5 31. Rcc7 Re8 32. Ke4 Rdd8 33. d5 b4 34. d6 Rb8 35. dxe7+ Kg8 36. Rab7 Kg7 37. Rxb8 Rxb8 38. Kd5 b3 39. Rc1 f5 40. Ke6 Rb6+ 41. Kd7 Rb7+ 42. Kd8 Rb8+ 43. Kc7 Re8 44. Kd7 Kf7 45. e6+ 1-0


[Site "https://www.chess.com"]

[Event "Titled Tuesday Blitz November 01 Late 2022"]
[White "Sargsyan, Anna M."]
[Black "Indjic, Aleksandar"]
[WhiteFideId "13308130"]
[BlackFideId "911925"]
[WhiteElo "2284"]
[BlackElo "2592"]
[Result "0-1"]
[Round "02"]
[TimeControl "180+1"]
[Date "2022.11.01"]
[WhiteClock "0:00:03"]
[BlackClock "0:00:57"]

1. d4 d5 2. c4 e6 3. Nf3 Nf6 4. Nc3 Nbd7 5. Bg5 c6 6. e3 Qa5 7. Nd2 Bb4 8. Bxf6 Nxf6 9. Qc2 O-O 10. Bd3 Bd6 11. O-O e5 12. dxe5 Bxe5 13. cxd5 cxd5 14. Nb3 Qb6 15. Ne2 Bd7 16. Nbd4 Rac8 17. Qd2 Bb8 18. Rac1 Qd6 19. Ng3 Rcd8 20. Rfd1 h5 21. Nf1 g6 22. h3 Rfe8 23. a3 a6 24. b4 Qe5 25. Nb3 Qg5 26. f4 Qh6 27. Nc5 Bc8 28. Qb2 g5 29. fxg5 Qxg5 30. Kh1 h4 31. Qc2 Rxe3 32. Nxe3 Qxe3 33. Re1 Qg3 34. Kg1 Bxh3 35. Qf2 Qh2+ 36. Kf1 Bg3 37. Qf3 Bg4 38. Bh7+ Kg7 39. Qxg4+ Nxg4 40. Bf5 h3 0-1


[Site "https://www.chess.com"]

[Event "Titled Tuesday Blitz November 01 Late 2022"]
[White "Saucey, Michel"]
[Black "Martinez Molina, Carlos Alberto"]
[WhiteFideId "601845"]
[BlackFideId "5122708"]
[WhiteElo "2253"]
[BlackElo "2212"]
[Result "0-1"]
[Round "02"]
[TimeControl "180+1"]
[Date "2022.11.02"]
[WhiteClock "0:00:01"]
[BlackClock "0:00:04"]

1. d4 Nf6 2. c4 c5 3. d5 e6 4. Nc3 exd5 5. cxd5 d6 6. Nf3 g6 7. Nd2 Bg7 8. e4 O-O 9. Be2 Re8 10. O-O Na6 11. h3 Nc7 12. a4 b6 13. Re1 Ba6 14. Bb5 Bxb5 15. axb5 Qe7 16. Nc4 Qd7 17. Bf4 Nh5 18. Bh2 Bf8 19. Qb3 Qd8 20. Rad1 h6 21. e5 dxe5 22. Nxe5 Qh4 23. d6 Ne6 24. Nxg6 fxg6 25. Rxe6 Kh7 26. Rde1 Rxe6 27. Rxe6 Bg7 28. Qc2 Qg5 29. Ne4 Qf5 30. Re7 Kh8 31. Qd2 Rd8 32. Bg3 Nf6 0-1


[Site "https://www.chess.com"]

[Event "Titled Tuesday Blitz November 01 Late 2022"]
[White "Schrik, Rachid"]
[Black "Tayar, Jonathan"]
[WhiteFideId "1009818"]
[BlackFideId "2606534"]
[WhiteElo "2098"]
[BlackElo "2406"]
[Result "1/2-1/2"]
[Round "02"]
[TimeControl "180+1"]
[Date "2022.11.02"]
[WhiteClock "0:00:17"]
[BlackClock "0:00:21"]

1. d4 Nf6 2. c4 g6 3. Nc3 Bg7 4. e4 d6 5. f3 O-O 6. Bg5 c5 7. d5 e6 8. Qd2 exd5 9. cxd5 a6 10. a4 Re8 11. Nge2 h6 12. Bxh6 Nxe4 13. Nxe4 Qh4+ 14. g3 Qxh6 15. Qxh6 Bxh6 16. Nf6+ Kf8 17. Nxe8 Kxe8 18. Nc3 f5 19. f4 Bg7 20. Bg2 Kf7 21. O-O Nd7 22. Rfe1 Bd4+ 23. Kh1 Nf6 24. Bf3 Bd7 25. Re2 Rb8 26. a5 b5 27. axb6 Rxb6 28. Ra2 Rb3 29. Rxa6 Bxc3 30. bxc3 Rxc3 31. Rxd6 Rxf3 32. Rc2 Ke7 33. Ra6 Bb5 34. Re6+ Kf7 35. Rxc5 Rf1+ 36. Kg2 Rb1 37. Rc7+ Nd7 38. Rd6 Ke7 39. Rxg6 Kd8 40. Ra7 Rb2+ 41. Kf3 Rb3+ 42. Kf2 Rb2+ 43. Kf3 Ke8 44. Re6+ Kd8 45. Rg6 1/2-1/2


[Site "https://www.chess.com"]

[Event "Titled Tuesday Blitz November 01 Late 2022"]
[White "Shipov, Sergei"]
[Black "Goncalves, Davi Sulzbacher"]
[WhiteFideId "4113624"]
[BlackFideId "2154510"]
[WhiteElo "2757"]
[BlackElo "2182"]
[Result "1-0"]
[Round "02"]
[TimeControl "180+1"]
[Date "2022.11.02"]
[WhiteClock "0:00:20"]
[BlackClock "0:00:02"]

1. d4 Nf6 2. c4 e6 3. Nc3 Bb4 4. Qc2 d5 5. a3 Bxc3+ 6. Qxc3 O-O 7. e3 Nc6 8. Nf3 Ne4 9. Qc2 f5 10. Be2 Bd7 11. O-O Be8 12. b3 Bh5 13. Bb2 Bxf3 14. gxf3 Ng5 15. Kh1 Rf6 16. Rg1 Rh6 17. Rg3 g6 18. Rag1 Nf7 19. cxd5 Qxd5 20. Bc4 Qd6 21. Qc3 Ne7 22. d5 e5 23. f4 Nxd5 24. fxe5 Nxc3 25. exd6 Ne4 26. Rf3 Nxd6 27. Be6 Kf8 28. b4 Re8 29. Bb3 Ne5 30. Rfg3 Nd3 31. Bd4 Nxf2+ 32. Kg2 Nde4 33. Rf3 Ng4 34. h3 Ne5 35. Rf4 Nd3 36. Rf3 Ng5 37. Rff1 Rxh3 38. Bf6 Rh5 39. Rh1 Re4 40. Rxh5 Rg4+ 41. Kh2 gxh5 42. Rxf5 Ne4 43. Be5+ Ke7 44. Bxc7 h4 45. Bd5 Nd2 46. Bxb7 Rg3 47. Bxg3 hxg3+ 48. Kxg3 Nc4 49. Rh5 Nxa3 50. Rxh7+ Kd6 51. Be4 Nxb4 52. Rxa7 Nb5 53. Ra4 Nc6 54. Ra6 Na7 55. Bxc6 Nxc6 56. Kf4 Kd7 57. e4 Nd8 58. e5 Ne6+ 59. Kf5 Nd4+ 60. Kf6 Kc7 61. Rd6 Nb5 62. Rd3 Na7 63. e6 Nc8 64. e7 1-0


[Site "https://www.chess.com"]

[Event "Titled Tuesday Blitz November 01 Late 2022"]
[White "Silvestre, Christian"]
[Black "Kirillov, Dmitry"]
[WhiteFideId "30956269"]
[BlackFideId "34180572"]
[WhiteElo "2345"]
[BlackElo "2095"]
[Result "0-1"]
[Round "02"]
[TimeControl "180+1"]
[Date "2022.11.02"]
[WhiteClock "0:01:44"]
[BlackClock "0:01:00"]

1. Nf3 d5 2. b3 Nf6 3. Bb2 c5 4. e3 Bf5 5. Be2 Nc6 6. O-O e6 7. d3 Be7 8. Nh4 Bg6 9. Nd2 Qc7 10. f4 O-O 11. Nxg6 hxg6 12. g4 Rad8 13. g5 Nd7 14. h4 e5 15. h5 gxh5 16. Bxh5 exf4 17. exf4 d4 18. Ne4 Nb6 19. Qf3 g6 20. Bg4 Nd5 21. Rf2 Kg7 22. c3 f5 23. cxd4 Nxd4 24. Bxd4+ cxd4 25. Qh3 Rh8 26. Qg3 fxg4 27. Qxg4 Qd7 28. f5 gxf5 29. Rxf5 Ne3 30. Rf7+ Kxf7 31. Qf4+ Qf5 0-1


[Site "https://www.chess.com"]

[Event "Titled Tuesday Blitz November 01 Late 2022"]
[White "Sivakumar, Shaaketh"]
[Black "Antonio, Jorge Carlos"]
[WhiteFideId "30940176"]
[BlackFideId "113190"]
[WhiteElo "2174"]
[BlackElo "2247"]
[Result "1-0"]
[Round "02"]
[TimeControl "180+1"]
[Date "2022.11.02"]
[WhiteClock "0:02:51"]
[BlackClock "0:01:42"]

1. d4 d5 2. Nf3 Nf6 3. Bf4 c6 4. e3 e6 5. Nbd2 Bd6 6. Ne5 O-O 7. Bd3 b6 8. h4 Ba6 9. Bxa6 Nxa6 10. Nxc6 Qc7 11. Bxd6 Qxd6 12. Ne5 Rac8 13. c3 Nd7 14. Nxd7 Qxd7 15. O-O b5 16. e4 dxe4 17. Nxe4 b4 18. Rc1 bxc3 19. bxc3 Nc7 20. Qe2 Nd5 21. Rfd1 Nb6 22. c4 Rc7 23. Nc5 Qe7 24. a4 Qxh4 25. a5 Nd7 26. Na6 Rc6 27. Nb4 Rc7 28. c5 Rb8 29. Na6 Rbc8 30. Nxc7 Rxc7 31. d5 exd5 32. Rxd5 h6 33. c6 Nf6 34. Rd8+ Kh7 35. Qd3+ g6 36. Qd4 Qg5 37. f4 Qf5 38. Qe5 Qxe5 39. fxe5 Ne4 40. Rd7 Rc8 41. c7 Ng3 42. Rxf7+ Kg8 43. Rd7 Ne2+ 44. Kf2 Nxc1 45. Rd8+ Kf7 46. Rxc8 1-0


[Site "https://www.chess.com"]

[Event "Titled Tuesday Blitz November 01 Late 2022"]
[White "Sjugirov, Sanan"]
[Black "Dilanyan, Grigor"]
[WhiteFideId "4189302"]
[BlackFideId "13303570"]
[WhiteElo "2609"]
[BlackElo "2264"]
[Result "1-0"]
[Round "02"]
[TimeControl "180+1"]
[Date "2022.11.01"]
[WhiteClock "0:00:40"]
[BlackClock "0:01:38"]

1. Nf3 b6 2. g3 Bb7 3. Bg2 h5 4. d3 e6 5. e4 d5 6. exd5 Bxd5 7. Nc3 Bb7 8. h4 Nf6 9. Bg5 Be7 10. Qe2 Nc6 11. O-O Nd4 12. Nxd4 Bxg2 13. Kxg2 Qxd4 14. Qf3 Nd5 15. Bd2 c6 16. Rfe1 g6 17. Ne4 O-O 18. c4 Nb4 19. Bc3 Qxd3 20. Nf6+ Kh8 21. Nd5+ f6 22. Nxe7 Qxf3+ 23. Kxf3 Kg7 24. Bxb4 1-0


[Site "https://www.chess.com"]

[Event "Titled Tuesday Blitz November 01 Late 2022"]
[White "Sohal, Tanraj"]
[Black "Chojnacki, Slawomir"]
[WhiteFideId "2608499"]
[BlackFideId "1117076"]
[WhiteElo "2200"]
[BlackElo "2096"]
[Result "0-1"]
[Round "02"]
[TimeControl "180+1"]
[Date "2022.11.02"]
[WhiteClock "0:00:44"]
[BlackClock "0:00:43"]

1. e4 c6 2. Nc3 d5 3. exd5 cxd5 4. d4 Nc6 5. Nf3 Nf6 6. h3 Bf5 7. Be2 e6 8. O-O Bd6 9. Be3 O-O 10. Qd2 Rc8 11. Nh4 Ne4 12. Nxe4 Bxe4 13. Nf3 Bb8 14. c3 Qd6 15. g3 f5 16. Bf4 Qe7 17. Bxb8 Rxb8 18. Ne5 Nxe5 19. dxe5 f4 20. Bg4 f3 21. h4 g6 22. Qg5 Rbe8 23. Qxe7 Rxe7 24. Rfd1 h5 25. Bh3 Bf5 26. Bf1 Be4 27. Rd4 Rf5 28. Re1 Rxe5 29. Bd3 Kg7 30. Re3 Rf7 31. Bxe4 dxe4 32. Rexe4 Rxe4 33. Rxe4 Rd7 34. Rxe6 Rd1+ 35. Kh2 Rf1 36. Re7+ Kf6 37. Rxb7 Rxf2+ 38. Kg1 Rg2+ 39. Kf1 Rxg3 40. Kf2 Rh3 41. Rxa7 Rh2+ 42. Kxf3 Rxb2 43. Ra6+ Kf5 44. Ra5+ Kf6 45. a4 Rc2 46. Rc5 Rh2 47. Kg3 Ra2 48. a5 Ra3 49. Kf3 Ra1 50. Ke4 Rh1 51. Kd5 Rxh4 52. Kc6 Ra4 53. Kb5 Ra1 54. a6 h4 55. Rc4 g5 56. Ra4 Rb1+ 57. Kc5 Rb8 58. a7 Ra8 59. Kb6 h3 60. Kb7 Re8 61. a8=Q Rxa8 62. Kxa8 h2 63. Ra1 g4 64. c4 g3 65. c5 g2 66. c6 h1=Q 67. Rxh1 gxh1=Q 68. Kb7 Ke7 69. Kb6 Qb1+ 70. Ka7 Kd6 71. Ka8 Kc7 72. Ka7 Qa1# 0-1


[Site "https://www.chess.com"]

[Event "Titled Tuesday Blitz November 01 Late 2022"]
[White "Soto Vega, Jorge"]
[Black "McConnell, Griffin"]
[WhiteFideId "3800580"]
[BlackFideId "30942551"]
[WhiteElo "2263"]
[BlackElo "2323"]
[Result "0-1"]
[Round "02"]
[TimeControl "180+1"]
[Date "2022.11.02"]
[WhiteClock "0:00:01"]
[BlackClock "0:00:12"]

1. e4 c6 2. d4 d5 3. f3 Qb6 4. Nc3 e6 5. Nge2 Ne7 6. Qd3 Ng6 7. h4 Nd7 8. h5 Ne7 9. h6 g6 10. a3 f6 11. Nf4 Kf7 12. Qe3 e5 13. Nfe2 exd4 14. Qxd4 c5 15. Qa4 d4 16. Nd1 Ne5 17. b4 N7c6 18. bxc5 Bxc5 19. Nf4 Qa5+ 20. Qxa5 Nxa5 21. Nb2 g5 22. Nfd3 Bd6 23. Nxe5+ Bxe5 24. Nd3 Rg8 25. Nxe5+ fxe5 26. Bd2 Nc6 27. Rb1 b6 28. Bb5 Bd7 29. Rh5 Kf6 30. g4 Rad8 31. Kf2 Ne7 32. Bd3 Nc6 33. Rhh1 Be6 34. Rb5 Rc8 35. a4 Nb8 36. a5 Bd7 37. Rbb1 bxa5 38. Bxa5 Nc6 39. Bd2 Rb8 0-1


[Site "https://www.chess.com"]

[Event "Titled Tuesday Blitz November 01 Late 2022"]
[White "Souleidis, Georgios"]
[Black "Petrova, Irina"]
[WhiteFideId "4206827"]
[BlackFideId "14124122"]
[WhiteElo "2401"]
[BlackElo "2023"]
[Result "1-0"]
[Round "02"]
[TimeControl "180+1"]
[Date "2022.11.02"]
[WhiteClock "0:00:44"]
[BlackClock "0:00:12"]

1. e4 d6 2. d4 Nf6 3. Nc3 e5 4. Nf3 Nbd7 5. g4 d5 6. exd5 e4 7. Ng5 Bb4 8. Bg2 Nxd5 9. Nxe4 N7f6 10. Nxf6+ Nxf6 11. h3 O-O 12. O-O h5 13. g5 Bxc3 14. bxc3 Nd5 15. c4 Nb6 16. c5 Na4 17. Be3 g6 18. c4 Bf5 19. Qxa4 Qc8 20. Kh2 c6 21. Bf4 Qd7 22. Rad1 Rfe8 23. Be5 a6 24. f4 Rad8 25. d5 Qc8 26. dxc6 bxc6 27. Qxc6 Rxd1 28. Qxc8 Rxc8 29. Rxd1 Be6 30. Bd5 Rxc5 31. Bxe6 fxe6 32. Rd4 Kf7 33. Bd6 Rc6 34. c5 a5 35. Ra4 Ra6 36. Kg2 Ke8 37. Kf3 Kd7 38. Ke4 Kc6 39. Ke5 Kb5 40. Rd4 Kc6 41. Kxe6 Ra8 42. Kf6 Re8 43. Kxg6 1-0


[Site "https://www.chess.com"]

[Event "Titled Tuesday Blitz November 01 Late 2022"]
[White "Spitzl, Vinzent"]
[Black "Eljanov, Pavel"]
[WhiteFideId "12901253"]
[BlackFideId "14102951"]
[WhiteElo "2247"]
[BlackElo "2601"]
[Result "0-1"]
[Round "02"]
[TimeControl "180+1"]
[Date "2022.11.02"]
[WhiteClock "0:00:31"]
[BlackClock "0:00:59"]

1. e4 c6 2. Nf3 d5 3. Nc3 dxe4 4. Nxe4 Nf6 5. Qe2 Na6 6. Nxf6+ gxf6 7. d4 Qd5 8. c3 Bg4 9. Bf4 O-O-O 10. Qe3 Bxf3 11. Qxf3 Qxf3 12. gxf3 Nc7 13. O-O-O e6 14. Bxc7 Kxc7 15. Bd3 f5 16. Rdg1 Rg8 17. Kc2 Bd6 18. h4 h5 19. Rg5 Rxg5 20. hxg5 Rh8 21. Rh4 f4 22. g6 f5 23. b4 Bf8 24. Bf1 Kd6 25. Bc4 Ke7 26. a4 Kf6 27. a5 a6 28. Kd3 Kxg6 29. Bxe6 Be7 30. Rh3 h4 31. c4 Bxb4 32. d5 Bxa5 33. c5 Kf6 0-1


[Site "https://www.chess.com"]

[Event "Titled Tuesday Blitz November 01 Late 2022"]
[White "Suleymanli, Aydin"]
[Black "Putnam, Liam"]
[WhiteFideId "13413937"]
[BlackFideId "30938279"]
[WhiteElo "2481"]
[BlackElo "2082"]
[Result "1-0"]
[Round "02"]
[TimeControl "180+1"]
[Date "2022.11.01"]
[WhiteClock "0:00:12"]
[BlackClock "0:00:06"]

1. e4 c5 2. Nf3 d6 3. d4 cxd4 4. Nxd4 Nf6 5. Nc3 Nc6 6. f3 e5 7. Nb3 Be7 8. Be3 Be6 9. Nd5 O-O 10. c4 Nd7 11. Qd2 Nc5 12. Rd1 Bxd5 13. Nxc5 dxc5 14. cxd5 Nd4 15. Bd3 Bh4+ 16. Kf1 Qd6 17. g3 Bf6 18. Kg2 g6 19. h4 Bg7 20. h5 f5 21. hxg6 hxg6 22. Bh6 f4 23. Bg5 fxg3 24. Rdf1 c4 25. Bxc4 Rac8 26. Bd3 Rc7 27. Kxg3 Rcf7 28. Be2 Qb6 29. Bd1 Qc5 30. Qh2 Rc7 31. Qh7+ Kf7 32. Rh6 Qd6 33. Rfh1 b5 34. f4 exf4+ 35. Bxf4 Qf6 36. Rxg6 Qxg6+ 37. Qxg6+ Kxg6 38. Bh5+ Kf6 39. Bxc7 Ke7 40. d6+ Kd7 41. Bg4+ Kc6 42. Rc1+ Kb7 43. d7 Nc6 44. Rxc6 Kxc6 45. d8=Q Be5+ 46. Kg2 Rxd8 47. Bxd8 Bxb2 48. Bg5 Be5 49. Be6 a5 50. Bd5+ Kd6 51. Kf3 a4 52. Bf4 b4 53. Bxe5+ Kxe5 54. Ke3 Kd6 55. Kd4 Kc7 56. e5 Kb6 57. Kc4 b3 58. axb3 a3 59. Kc3 Kc5 60. Bc4 Kc6 61. b4 Kd7 62. Kb3 a2 63. Kxa2 Ke7 64. Kb3 Kd7 65. e6+ 1-0


[Site "https://www.chess.com"]

[Event "Titled Tuesday Blitz November 01 Late 2022"]
[White "Szente Varga, Fruzsina"]
[Black "Bersamina, Paulo"]
[WhiteFideId "712264"]
[BlackFideId "5206995"]
[WhiteElo "1994"]
[BlackElo "2332"]
[Result "0-1"]
[Round "02"]
[TimeControl "180+1"]
[Date "2022.11.02"]
[WhiteClock "0:00:14"]
[BlackClock "0:02:14"]

1. e4 c5 2. Nf3 d6 3. d4 cxd4 4. Qxd4 Nc6 5. Bb5 Bd7 6. Qd3 g6 7. c4 Bg7 8. Nc3 Nf6 9. O-O O-O 10. Rb1 a6 11. Bxc6 Bxc6 12. b4 b6 13. Nd4 Bb7 14. Be3 Nd7 15. f4 a5 16. a3 axb4 17. axb4 Ra3 18. Ndb5 Ra6 19. Ra1 Qc8 20. Rxa6 Bxa6 21. Nd5 Qd8 22. Bd4 Bxb5 23. cxb5 e6 24. Ne3 Nf6 25. Nc4 d5 26. Bxb6 Qb8 27. Bc5 dxc4 28. Qxc4 Rd8 29. b6 Qb7 30. Re1 h5 31. Qb5 Nxe4 32. Rc1 h4 33. h3 Ng3 34. Bf2 Bh6 35. Qc4 Bxf4 36. Qxf4 Ne2+ 0-1


[Site "https://www.chess.com"]

[Event "Titled Tuesday Blitz November 01 Late 2022"]
[White "Taboas Rodriguez, Daniel"]
[Black "Buchenau, Frank"]
[WhiteFideId "2208466"]
[BlackFideId "4604350"]
[WhiteElo "2429"]
[BlackElo "2157"]
[Result "1-0"]
[Round "02"]
[TimeControl "180+1"]
[Date "2022.11.02"]
[WhiteClock "0:00:39"]
[BlackClock "0:00:02"]

1. d4 e6 2. Nf3 Nf6 3. c4 b6 4. Nc3 Bb4 5. Qc2 Bb7 6. a3 Bxc3+ 7. Qxc3 O-O 8. g3 Ne4 9. Qc2 f5 10. Bg2 c5 11. O-O Nc6 12. d5 exd5 13. cxd5 Ne7 14. Ng5 Bxd5 15. Nxe4 Bxe4 16. Bxe4 fxe4 17. Qxe4 h6 18. Bf4 d5 19. Qe6+ Kh8 20. Be5 Kh7 21. Rad1 Rc8 22. Bd6 Re8 23. Bxe7 Rxe7 24. Qf5+ Kh8 25. Rxd5 Qe8 26. e3 Rf7 27. Qh5 Qe6 28. Rfd1 Rcf8 29. R5d2 Qb3 30. Qg4 Rf6 31. Rf1 Qf7 32. Qe2 Rf3 33. e4 Qe6 34. Rd8 Rf7 35. Rxf8+ Rxf8 36. f4 Rd8 37. e5 Rd4 38. f5 Qd5 39. e6 Rd2 40. Qf3 Qxf3 41. Rxf3 Re2 42. Rf2 Re5 43. g4 Kg8 44. Kf1 Kf8 45. Rd2 Ke7 46. Rd7+ Kf6 47. Rf7+ Kg5 48. Rxg7+ Kf4 49. e7 Kf3 50. f6 1-0


[Site "https://www.chess.com"]

[Event "Titled Tuesday Blitz November 01 Late 2022"]
[White "Tang, Andrew"]
[Black "Gunduz, Umut Erdem"]
[WhiteFideId "2059630"]
[BlackFideId "6381383"]
[WhiteElo "2857"]
[BlackElo "2594"]
[Result "1-0"]
[Round "02"]
[TimeControl "180+1"]
[Date "2022.11.02"]
[WhiteClock "0:01:55"]
[BlackClock "0:00:14"]

1. Nh3 Na6 2. g3 d5 3. Bg2 Nf6 4. f4 g6 5. O-O Bg7 6. d3 O-O 7. Nf2 Ng4 8. Nxg4 Bxg4 9. h3 Be6 10. c3 c5 11. e4 dxe4 12. dxe4 Qb6 13. Qe2 Rfd8 14. Na3 Rac8 15. f5 gxf5 16. exf5 Bd5 17. Bxd5 Rxd5 18. Qxe7 c4+ 19. Kh2 Re5 20. Qd7 Re2+ 21. Kh1 Rd8 22. Qb5 Qf2 23. Rxf2 Rxf2 24. Bg5 f6 25. Be3 Rf3 26. Qxc4+ Kh8 27. Bf4 1-0


[Site "https://www.chess.com"]